 Dungeon Crawl Stone Soup version 0.22-a0-448-g1fb7470 (webtiles) character file.

125 Dianna the Skirmisher (level 4, 0/45 HPs)
             Began as a Troll Abyssal Knight on June 4, 2018.
             Was a Believer of Lugonu.
             Succumbed to Sigmund's poison
             ... on level 3 of the Dungeon.
             The game lasted 00:02:57 (2071 turns).

Dianna the Skirmisher (Troll Abyssal Knight)        Turns: 2071, Time: 00:02:57

Health: 0/45       AC:  5    Str: 25    XL:     4   Next: 82%
Magic:  4/4        EV: 10    Int:  8    God:    Lugonu [**....]
Gold:   105        SH:  0    Dex: 10    Spells: 3/3 levels left

rFire    + + .     SeeInvis .     - Unarmed
rCold    + . .     Gourm    +   (no shield)
rNeg     . . .     Faith    .   a - +0 robe
rPois    +         Spirit   .   (helmet restricted)
rElec    +         Reflect  .   (no cloak)
rCorr    +         Harm     .   (gloves unavailable)
MR       .....                  (boots unavailable)
Stlth    +.........             (no amulet)
HPRegen  0.55/turn              h - ring of protection from fire
MPRegen  0.09/turn              (no ring)

@: mighty, lethally poisoned (0 -> -8), resistant, drained
A: large, unfitting armour, claws 3, fast metabolism 3, gourmand, regeneration
1, shaggy fur 1, tough skin 2
a: Depart the Abyss, Bend Space, Renounce Religion


You were on level 3 of the Dungeon.
You worshipped Lugonu.
Lugonu was pleased with you.
You were completely stuffed.

You visited 1 branch of the dungeon, and saw 3 of its levels.
You visited the Abyss 1 time.

You collected 105 gold pieces.

Inventory:

Hand Weapons
 c - the +5 arbalest of Integrity {venom, rF+ rC+}
   (You found it on level 1 of the Abyss)

   It poisons the ammo it fires.
   It protects you from fire.
   It protects you from cold.
Missiles
 n - 26 bolts
Armour
 a - a +0 robe (worn)
Jewellery
 e - a +3 ring of evasion {unknown}
 h - a ring of protection from fire (left claw)
Wands
 j - a wand of digging (12)
Scrolls
 d - a scroll of enchant weapon {unknown}
 f - 2 scrolls of remove curse {unknown}
 g - 4 scrolls of identify {unknown}
 m - a scroll of teleportation {unknown}
Comestibles
 b - 8 rations


   Skills:
 + Level 3.0 Fighting
 * Level 1.7 Crossbows
 - Level 1.9 Dodging
 + Level 2.8 Unarmed Combat
 + Level 2.4 Invocations


You had 3 spell levels left.
You didn't know any spells.
Your spell library was empty.

Dungeon Overview and Level Annotations

Branches:
Dungeon (3/15)

Altars:
Hepliaklqana
Qazlal

Annotations:
D:3 Sigmund


Innate Abilities, Weirdness & Mutations

You are too large for most types of armour.
You have claws for hands.
Your metabolism is lightning-fast.
You like to eat raw meat.
Your natural rate of healing is unusually fast.
You are covered in fur. (AC +1)
You have very tough skin. (AC +2)


Message History

You feel sick.
You hear a zap.
Something tries to affect you, but you resist.
A magic dart appears from out of thin air!
The magic dart hits you!
* * * LOW HITPOINT WARNING * * *
You feel sick. Something hits you!
* * * LOW HITPOINT WARNING * * *
You are lethally poisoned!
You see here a scroll labeled OXEIFO YLUIQYC.
Unknown command.
Evoke which item? (* to show all) (? for menu, Esc to quit)
Okay, then.
It was a potion of might.
You feel very mighty all of a sudden.
* * * LOW HITPOINT WARNING * * *
You feel sick.
It was a potion of resistance.
You feel protected.
You die...

.## #. ##.... #.
.... # #.## ##'##
.#..## ##...## ....
##.....## ##.##
##.......## #
##...####.........#
##
#....@.{g.........+
..
##...####.........#
# #...# ##.......##
# #...# ##.....##
##.## ##...## #.#
##'## #.# #.# #.#
#.# ##.##


You could see a goblin.

Vanquished Creatures
  Terence (D:3)
  Jessica (D:2)
  An adder (D:2)
  2 worms (D:2)
  A dart slug (D:1)
  A leopard gecko (D:1)
  3 orcs (D:3)
  3 giant cockroaches
  7 goblins
  8 hobgoblins
  3 jackals (D:2)
  5 kobolds
  A ball python (D:2)
  2 bats (D:2)
  6 frilled lizards
  5 rats
50 creatures vanquished.

Notes
Turn   | Place    | Note
-------+----------+-------------------------------------------
     0 | Abyss:1  | Dianna the Troll Abyssal Knight began the quest for the Orb.
     0 | Abyss:1  | Reached XP level 1. HP: 22/22 MP: 1/1
    91 | Abyss:1  | Noticed an iron imp
   104 | Abyss:1  | Got a fine arbalest
   105 | D:1      | Escaped the Abyss
   106 | D:1      | Identified the +5 arbalest of Integrity {venom, rF+ rC+} (You found it on level 1 of the Abyss)
   211 | D:1      | Reached * piety under Lugonu
   290 | D:1      | Reached XP level 2. HP: 29/29 MP: 2/2
   962 | D:2      | Reached skill level 1 in Crossbows
   962 | D:2      | Reached XP level 3. HP: 30/36 MP: 3/3
   998 | D:2      | Noticed Jessica
  1005 | D:2      | Killed Jessica
  1015 | D:2      | Reached XP level 4. HP: 43/44 MP: 4/4
  1104 | D:2      | Found a stormy altar of Qazlal.
  1261 | D:2      | Reached ** piety under Lugonu
  1561 | D:3      | Found a hazy altar of Hepliaklqana.
  1608 | D:3      | Noticed Terence
  1613 | D:3      | Killed Terence
  1801 | D:3      | Reached skill level 3 in Fighting
  2031 | D:3      | Noticed Sigmund
  2069 | D:3      | HP: 2/45 [something (9)]
  2071 | D:3      | Succumbed to Sigmund's poison

Vault maps used:
D:1:      nzn_arrival_depleted_hourglass
D:2:      lemuel_crystal_altar, uniq_jessica
D:3:      nicolae_overflow_crystal_walls, uniq_terence, uniq_sigmund

Skill      XL: |  1  2  3  4 |
---------------+-------------+-----
Crossbows      | 1 |  1.7
Invocations    | 2 |  2.4
Fighting       | 3 |  3.0
Dodging        | |  1.9
Unarmed Combat | |  2.8

Action                   |  1- 3 |  4- 6 || total
-------------------------+-------+-------++-------
Melee: Unarmed           |    64 |    79 ||   143
       Punch             |       |     1 ||     1
Invok: Depart the Abyss  |     1 |       ||     1
  Use: Potion            |       |     2 ||     2
 Stab: Sleeping          |     1 |       ||     1
  Eat: Chunk             |     9 |    15 ||    24
Armor: Robe              |    20 |    16 ||    36
       Skin              |       |     2 ||     2
Dodge: Dodged            |    27 |    36 ||    63

Table legend:
 A = Spawn XP
 B = Non-spawn XP
 C = Spawn XP percentage of total XP
 D = Spawn monster count
 E = Non-spawn monster count
 F = Spawn count percentage of total count
 G = Total turns spent on level
                    A         B        C        D         E        F      G
               +---------+---------+-------+---------+---------+-------+---------
         Total |       0 |     179 |   0.0 |       0 |      50 |   0.0 |  2071
               +---------+---------+-------+---------+---------+-------+---------
           D:1 |       0 |      25 |   0.0 |       0 |      13 |   0.0 |   694
           D:2 |       0 |      92 |   0.0 |       0 |      23 |   0.0 |   712
           D:3 |       0 |      62 |   0.0 |       0 |      14 |   0.0 |   560
               +---------+---------+-------+---------+---------+-------+---------
